 Dungeon Crawl Stone Soup version 0.29-a0-11-ga75d3d97ab (webtiles) character file.

Game seed: 14901570932490368939

1758 Clumpoid the Archer (level 9, -17/66 HPs)
             Began as a Gnoll Wanderer on Jan 28, 2022.
             Was an Initiate of Cheibriados.
             Demolished by Joseph (19 damage)
             ... on level 7 of the Dungeon.
             The game lasted 00:06:10 (6056 turns).

Clumpoid the Archer (Gnoll Wanderer)                Turns: 6056, Time: 00:06:10

Health: -17/66     AC:  6    Str: 16    XL:     9   Next: 6%
Magic:  18/18      EV: 13    Int: 11    God:    Cheibriados [......]
Gold:   333        SH:  0    Dex: 15    Spells: 19/20 levels left

rFire   . . .      SeeInvis .   w - +0 morningstar
rCold   . . .      Faith    .   (no shield)
rNeg    . . .      Spirit   .   d - +0 leather armour
rPois   .          Reflect  .   q - +0 helmet
rElec   .          Harm     .   (no cloak)
rCorr   .          Rampage  .   (no gloves)
Will    .....                   c - +1 pair of boots
Stlth   +++.......              (no amulet)
HPRegen 0.21/turn               (no ring)
MPRegen 0.16/turn               (no ring)

@: slow
A: fangs 1, strong nose, distributed training
a: Renounce Religion


You were on level 7 of the Dungeon.
You worshipped Cheibriados.
Cheibriados was noncommittal.
You visited 2 branches of the dungeon, and saw 8 of its levels.

You collected 333 gold pieces.

Inventory:

Hand Weapons
 a - a +3 shortbow
 l - a +1 hand axe of flaming
 w - a +0 morningstar (weapon)
Missiles
 b - 32 arrows
Armour
 c - a +1 pair of boots (worn)
 d - a +0 leather armour (worn)
 q - a +0 helmet (worn)
 r - a scarf of invisibility
Jewellery
 i - a +6 ring of intelligence
 x - a ring of wizardry
Wands
 h - a wand of acid (11)
 u - a wand of flame (24)
Scrolls
 e - 2 scrolls of teleportation
 k - 2 scrolls of enchant armour
 n - a scroll of identify
 t - a scroll of blinking
 v - a scroll of enchant weapon
Potions
 f - a potion of mutation
 g - 3 potions of brilliance
 m - a potion of lignification
 o - 2 potions of flight
 p - a potion of degeneration


   Skills:
 + Level 4.7 Fighting
 + Level 3.8 Short Blades
 + Level 3.8 Long Blades
 + Level 3.8 Axes
 + Level 3.8 Maces & Flails
 + Level 3.8 Polearms
 + Level 3.8 Staves
 + Level 3.8 Slings
 + Level 9.4 Bows
 + Level 3.8 Crossbows
 + Level 3.8 Throwing
 + Level 3.8 Armour
 + Level 3.8 Dodging
 + Level 5.7 Stealth
 + Level 3.8 Shields
 + Level 3.8 Unarmed Combat
 + Level 6.4 Spellcasting
 + Level 3.1 Conjurations
 + Level 3.1 Hexes
 + Level 3.1 Summonings
 + Level 3.1 Necromancy
 + Level 3.1 Translocations
 + Level 3.1 Transmutations
 + Level 3.1 Fire Magic
 + Level 3.1 Ice Magic
 + Level 3.1 Air Magic
 + Level 3.1 Earth Magic
 + Level 3.1 Poison Magic
 + Level 5.0 Invocations
 + Level 3.8 Evocations


You had 19 spell levels left.
You knew the following spells:

 Your Spells              Type           Power      Damage    Failure   Level
a - Freeze                Ice            40%        1d6       6%          1

Your spell library contained the following spells:

 Spells                   Type           Power      Damage    Failure   Level
 Animate Skeleton         Necr           20%        N/A       6%          1
 Apportation              Tloc           20%        N/A       6%          1
 Summon Small Mammal      Summ           40%        N/A       6%          1
 Conjure Flame            Conj/Fire      10%        6-21      19%         3
 Frozen Ramparts          Ice            20%        1d4       19%         3
 Ignite Poison            Fire/Tmut/Pois 10%        N/A       19%         3
 Sticky Flame             Conj/Fire      10%        2d3       52%         4


Dungeon Overview and Level Annotations

Branches:
Dungeon (7/15)             Temple (1/1) D:6

Altars:
Ashenzari
Cheibriados
Dithmenos
Elyvilon
Fedhas
Gozag
Hepliaklqana
Kikubaaqudgha
Makhleb
Okawaru
Qazlal
Ru
Sif Muna
Uskayaw
Vehumet
Xom
Zin
The Shining One

Shops:
D:2 *

Annotations:
D:7 Joseph


Innate Abilities, Weirdness & Mutations

You have very sharp teeth.
Your uncanny sense of smell can sniff out nearby items.
Your experience applies equally to all skills.


Message History

You bump into the translucent rock wall.
Joseph unwields a +0 hunting sling of freezing.
Joseph wields a +0 quarterstaff.
Joseph completely misses you.
You bump into the translucent rock wall.
You hit Joseph but do no damage. Joseph closely misses you.
Joseph hits you with a +0 quarterstaff!!
You hit Joseph.
Joseph is lightly wounded.
Joseph barely misses you. Joseph hits you with a +0 quarterstaff.
Joseph barely misses you. Joseph closely misses you.
You puncture Joseph! You bite Joseph.
Joseph is moderately wounded.
You feel less invigorated.
You feel less confused. Joseph misses you.
You puncture Joseph!
Joseph is moderately wounded.
Joseph hits you with a +0 quarterstaff!
You closely miss Joseph.
Joseph is moderately wounded.
Joseph hits you with a +0 quarterstaff!!
Joseph hits you with a +0 quarterstaff!
* * * LOW HITPOINT WARNING * * *
You puncture Joseph!
Joseph is heavily wounded.
Joseph barely misses you.
You hit Joseph but do no damage.
Joseph is heavily wounded.
Joseph says, "I'm here to kill trespassers.
I like my job."
Joseph hits you with a +0 quarterstaff!
* * * LOW HITPOINT WARNING * * *
You barely miss Joseph. You punch Joseph.
Joseph is heavily wounded.
Joseph barely misses you.
You closely miss Joseph.
Joseph is heavily wounded.
Joseph completely misses you.
Joseph hits you with a +0 quarterstaff!!
You die...

### ### ... ..#######
#.# #.#.....# #.# #.#.#
#.#### #######>####.#.#
#....#
#.........##.#.###.##.##
#.....@@..##.#.....##...
#..#####....#.##.####.##
...#|$(#...###.### ###
#..#$$$#..## ### ∆ ∆
#..#$)!#... #..#####..#.
∆ ........)..#. ∆∆
#..........#..
.......#..# .#


You could see Joseph (strong).

Vanquished Creatures
  A water moccasin (D:6)
  A sky beast (D:7)
  An ice beast (D:5)
  3 ogres
  2 necrophages
  A centaur (D:7)
  2 phantoms
  3 scorpions
  A bullfrog (D:6)
  A centaur zombie (D:5)
  A bullfrog zombie (D:6)
  A hound (D:5)
  A jelly (D:7)
  A bullfrog skeleton (D:5)
  An orc priest (D:6)
  2 iguanas (D:4)
  Natasha (twice) (D:3)
  An orc wizard (D:5)
  5 gnolls
  8 adders
  A white imp (D:6)
  2 ufetubi (D:6)
  2 worms (D:2)
  2 dart slugs
  27 orcs
  11 ball pythons
  3 bats
  5 endoplasms
  4 giant cockroaches
  5 hobgoblins
  4 jackals
  11 kobolds
  2 quokkas
  3 frilled lizards (D:1)
  13 goblins
  4 rats
138 creatures vanquished.

Notes
Turn   | Place    | Note
-------+----------+-------------------------------------------
     0 | D:1      | Clumpoid the Gnoll Wanderer began the quest for the Orb.
     0 | D:1      | Clumpoid set off with the following items: a +2 shortbow,
                  | 28 arrows, a +0 pair of boots, a +0 leather armour; and the
                  | following spell memorised: Freeze; and the following spells
                  | available to memorise: Frozen Ramparts
     0 | D:1      | Reached XP level 1. HP: 17/17 MP: 6/6
    90 | D:1      | Reached XP level 2. HP: 23/23 MP: 7/7
   367 | D:1      | Reached XP level 3. HP: 28/28 MP: 9/9
   369 | D:1      | Reached skill level 5 in Spellcasting
   757 | D:2      | Found Heroug Ygap's Assorted Antiques.
   970 | D:2      | Reached skill level 1 in Short Blades
   970 | D:2      | Reached skill level 1 in Long Blades
   970 | D:2      | Reached skill level 1 in Axes
   970 | D:2      | Reached skill level 1 in Maces & Flails
   970 | D:2      | Reached skill level 1 in Polearms
   970 | D:2      | Reached skill level 1 in Staves
   970 | D:2      | Reached skill level 1 in Slings
   970 | D:2      | Reached skill level 1 in Crossbows
   970 | D:2      | Reached skill level 1 in Throwing
   970 | D:2      | Reached skill level 1 in Armour
   970 | D:2      | Reached skill level 1 in Dodging
   970 | D:2      | Reached skill level 1 in Shields
   970 | D:2      | Reached skill level 1 in Unarmed Combat
   970 | D:2      | Reached skill level 1 in Evocations
   976 | D:2      | Reached XP level 4. HP: 30/34 MP: 11/11
  1373 | D:3      | Noticed Natasha
  1381 | D:3      | Killed Natasha
  1382 | D:3      | Reached skill level 1 in Conjurations
  1382 | D:3      | Reached skill level 1 in Hexes
  1382 | D:3      | Reached skill level 1 in Summonings
  1382 | D:3      | Reached skill level 1 in Necromancy
  1382 | D:3      | Reached skill level 1 in Translocations
  1382 | D:3      | Reached skill level 1 in Transmutations
  1382 | D:3      | Reached skill level 1 in Fire Magic
  1382 | D:3      | Reached skill level 1 in Ice Magic
  1382 | D:3      | Reached skill level 1 in Air Magic
  1382 | D:3      | Reached skill level 1 in Earth Magic
  1382 | D:3      | Reached skill level 1 in Poison Magic
  1694 | D:3      | Reached XP level 5. HP: 40/40 MP: 12/12
  1712 | D:3      | Noticed Natasha
  1722 | D:3      | Killed Natasha
  2317 | D:3      | Reached XP level 6. HP: 44/47 MP: 13/13
  3120 | D:5      | Entered Level 5 of the Dungeon
  3140 | D:5      | Reached XP level 7. HP: 44/52 MP: 15/15
  3620 | D:5      | Reached skill level 9 in Bows
  3620 | D:5      | Reached skill level 5 in Stealth
  3948 | D:6      | Reached XP level 8. HP: 52/60 MP: 16/16
  4830 | D:6      | Found a staircase to the Ecumenical Temple.
  4857 | Temple   | Entered the Ecumenical Temple
  4924 | Temple   | Became a worshipper of Cheibriados the Contemplative
  5364 | D:7      | HP: 1/61 [something (5)]
  5738 | D:7      | Reached skill level 5 in Invocations
  5738 | D:7      | Reached XP level 9. HP: 44/66 MP: 18/18
  6039 | D:7      | Noticed Joseph
  6054 | D:7      | HP: 2/66 [Joseph (12)]
  6056 | D:7      | Demolished by Joseph

Illustrated notes

Levels and vault maps discovered:
D:1:      dpeg_arrival_chambers_temple_mockup, layout_basic
D:2:      layout_loops_cross, serial_shops, shop, minmay_tiny_reverse_x
D:3:      layout_basic, grunt_ministairs_7, uniq_natasha
D:4:      layout_cave_pools
D:5:      layout_layer_cave
D:6:      layout_loops_ring, temple_green
D:7:      nzn_winding_woodlands_three_and_one
          [nzn_winding_woodlands_5x15_sawtooth,
          nzn_winding_woodlands_5x15_default,
          nzn_winding_woodlands_5x15_split_checker,
          nzn_winding_woodlands_center_pierced_h], layout_loops_ring,
          due_unseen_surprise, uniq_joseph, uniq_menkaure
Temple:   compressed_dpeg_circular_temple

Skill      XL: |  1  2  3  4  5  6  7  8 |
---------------+-------------------------+-----
Spellcasting   | 5 6 |  6.4
Short Blades   | 1 2 3 |  3.8
Long Blades    | 1 2 3 |  3.8
Axes           | 1 2 3 |  3.8
Maces & Flails | 1 2 3 |  3.8
Polearms       | 1 2 3 |  3.8
Staves         | 1 2 3 |  3.8
Slings         | 1 2 3 |  3.8
Crossbows      | 1 2 3 |  3.8
Throwing       | 1 2 3 |  3.8
Armour         | 1 2 3 |  3.8
Dodging        | 1 2 3 |  3.8
Shields        | 1 2 3 |  3.8
Unarmed Combat | 1 2 3 |  3.8
Evocations     | 1 2 3 |  3.8
Conjurations   | 1 2 3 |  3.1
Hexes          | 1 2 3 |  3.1
Summonings     | 1 2 3 |  3.1
Necromancy     | 1 2 3 |  3.1
Translocations | 1 2 3 |  3.1
Transmutations | 1 2 3 |  3.1
Fire Magic     | 1 2 3 |  3.1
Ice Magic      | 1 2 3 |  3.1
Air Magic      | 1 2 3 |  3.1
Earth Magic    | 1 2 3 |  3.1
Poison Magic   | 1 2 3 |  3.1
Invocations    | 3 4 5 |  5.0
Fighting       | 3 4 |  4.7
Bows           | 9 |  9.4
Stealth        | 5 |  5.7

Action                   |  1- 3 |  4- 6 |  7- 9 || total
-------------------------+-------+-------+-------++-------
Melee: Morningstar       |       |       |    47 ||    47
       Bite              |       |       |     7 ||     7
       Hand axe          |       |       |     4 ||     4
       Punch             |       |       |     2 ||     2
 Fire: Shortbow          |    82 |   211 |   163 ||   456
  Use: Scroll            |       |     8 |     4 ||    12
       Potion            |       |       |     4 ||     4
 Stab: Sleeping          |       |       |     1 ||     1
Armor: Leather armour    |     4 |    15 |    28 ||    47
Dodge: Dodged            |     8 |    27 |    76 ||   111

Table legend: (Time is in decaauts)
 A = Elapsed time spent in this place.
 B = Non-inter-level travel time spent in this place.
 C = Inter-level travel time spent in this place.
 D = Time resting spent in this place.
 E = Time spent auto-exploring this place.
 F = Levels seen in this place.
 G = Mean time per level.
                   A        B        C        D        E       F      G
               +--------+--------+--------+--------+--------+-----+--------+
         Total |   6146 |   5989 |    157 |   1001 |   4054 |   8 |  768.2 |
       Dungeon |   6046 |   5920 |    126 |   1001 |   4014 |   7 |  863.7 |
        Temple |     99 |     68 |     31 |      0 |     40 |   1 |   99.0 |
               +--------+--------+--------+--------+--------+-----+--------+

Top non-repeatable levels by time:
     D:6: 1390 daAuts
     D:3: 1194 daAuts
     D:5: 804 daAuts
     D:7: 770 daAuts
     D:2: 697 daAuts
     D:1: 660 daAuts
     D:4: 528 daAuts
  Temple: 99 daAuts
